AoeStats
← filip

Arabia

506953700Analyzed
2v2 RM · 16d ago on Sep 15, 2026· 29m 1s· 4 players
Game mode
Random Map
Map size
Medium (4 player)
Population
200
Speed
Normal
Resources
Standard
Victory
Conquest
Starting age
Dark Age
Ending age
Imperial Age
RankedLock teamsTeams togetherTeam positionsShared explorationLock speedFull tech treeHidden civsTurbo modeCheats
Victory
Defeat
🇦🇷 Spanish · Argentina
1175
+13
🇧🇷 Malay · Brazil
1032
+19
🇨🇱 Mongols · Chile
1106
-16
🇨🇱 Mongols · Chile
1106
-16
filip
5:03 Loom
9:23 Feudal Age
10:34 Double-Bit Axe
11:37 Town Watch
19:59 Scale Barding Armor
22:13 Castle Age
21:22 Forging
27:37 Chain Barding Armor
27:29 Husbandry
RickOP
7:29 Loom
9:23 Feudal Age
10:07 Double-Bit Axe
11:12 Horse Collar
15:56 Fletching
18:13 Wheelbarrow
22:41 Castle Age
22:07 Gold Mining
22:59 Crossbowman
23:58 Bow Saw
28:47 Hand Cart
29:52 Gold Shaft Mining
BP_
6:27 Loom
7:40 Loom
10:15 Feudal Age
10:12 Double-Bit Axe
13:07 Wheelbarrow
15:07 Horse Collar
16:46 Scale Barding Armor
18:34 Man-at-Arms
23:29 Castle Age
25:07 Gold Mining
25:31 Bow Saw
25:34 Heavy Plow
27:22 Fletching
29:33 Hand Cart
29:30 Husbandry
Buaco69
10:10 Loom
11:55 Feudal Age
17:37 Castle Age
15:55 Double-Bit Axe
16:05 Horse Collar
17:18 Stone Mining
20:19 Heavy Plow
27:06 Padded Archer Armor
28:54 Wheelbarrow
Connection lost

Rejoining the realm…

Still unreachable

The connection could not be restored.

Session expired

The server has moved on; the page needs a fresh start.